Map: Persephone LE

Players

Reynor

  • Race: Zerg Zerg
  • League: Master
  • Spawn Location: 11:00

LiquidClem (Clem) - Winner!

  • Race: Terran Terran
  • Spawn Location: 7:00

Event: FEL Cracov 2025

VOD

Have the link to the VOD?

Description

Time

  • Played on: July 27, 2025, 4:38 p.m.
  • Length: 5:55

All games in this series

Show
View Real Time Build Order
Export as new Build Order

Reynor Zerg 

Build Orders: Hatch First 

Get SALT Encoding   

  12  0:00  Drone  
  13  0:08  Drone  
  14  0:15  Extractor  
  14  0:16  Drone  
  15  0:23  Overlord  
  15  0:42  Drone x2  
  17  0:54  Hatchery  
  17  0:55  Drone  
  17  0:59  Drone  
  18  1:09  Extractor  
  17  1:13  Spawning Pool  
  17  1:16  Drone  
  17  1:19  Drone  
  18  1:26  Drone  
  19  1:37  Drone  
  20  1:45  Hatchery  
  19  2:00  Zergling x4  
  21  2:06  Zergling x2  
  24  2:11  Metabolic Boost  
  24  2:21  Queen  
  26  2:27  Overlord  
  24  2:36  Overlord  
  24  2:46  Drone x3  
  24  2:50  Hatchery  
  26  3:00  Queen  
  26  3:04  Drone  
  29  3:06  Drone  
  29  3:09  Drone  
  29  3:12  Drone  
  32  3:22  Queen  
  33  3:27  Zergling x2  
  33  3:34  Drone x3  
  37  3:35  Drone  
  37  3:39  Drone x2  
  40  3:43  Drone  
  40  3:46  Overlord  
  41  3:51  Zergling x2  
  42  3:55  Queen  
  42  3:59  Overlord  
  43  4:06  Zergling x6  
  44  4:12  Drone  
  44  4:13  Drone  
  44  4:15  Drone  
  50  4:17  Drone  
  50  4:19  Drone  
  50  4:21  Drone  
  50  4:23  Drone  
  53  4:27  Drone x2  
  53  4:32  Queen  
  53  4:35  Zergling x2  
  56  4:39  Zergling x4  
  56  4:40  Queen  
  56  4:43  Zergling x6  
  56  4:45  Zergling x2  
  60  4:48  Evolution Chamber  
  60  4:50  Evolution Chamber  
  60  4:51  Zergling x2  
  58  4:53  Zergling x2  
  52  5:00  Zergling x4  
  52  5:05  Zergling x8  
  52  5:12  Zergling x6  
  51  5:17  Drone  
  48  5:22  Drone  
  48  5:25  Drone  
  48  5:28  Drone  
  46  5:35  Drone  
  46  5:38  Drone  
  46  5:39  Drone  
  44  5:46  Spore Crawler  
Show
View Real Time Build Order
Export as new Build Order

LiquidClem Terran - Winner!

Build Orders: Reaper Expand, Hellion Banshee 

Get SALT Encoding   

  12  0:00  SCV  
  13  0:12  SCV  
  14  0:17  Supply Depot  
  14  0:24  SCV  
  15  0:38  SCV  
  15  0:40  Barracks  
  15  0:42  Refinery  
  16  0:50  SCV  
  17  1:03  SCV  
  18  1:15  SCV  
  19  1:26  Reaper  
  19  1:27  Orbital Command  
  20  1:45  Command Center  
  20  1:52  SCV  
  21  1:58  Marine  
  22  2:04  Supply Depot  
  22  2:08  SCV  
  23  2:24  Factory  
  23  2:27  SCV  
  24  2:31  Barracks Reactor  
  24  2:38  Refinery  
  24  2:40  SCV  
  25  2:52  SCV  
  25  2:57  Orbital Command  
  26  3:04  SCV  
  27  3:09  Starport  
  27  3:14  Hellion  
  27  3:15  Hellion  
  27  3:16  Marine  
  27  3:18  SCV, Orbital Command  
  33  3:28  Supply Depot  
  33  3:30  SCV  
  34  3:35  Marine  
  34  3:37  Hellion x2  
  38  3:44  Armory  
  38  3:47  Medivac  
  40  3:53  Marine  
  41  3:58  Hellion  
  41  3:59  Hellion  
  41  4:02  SCV  
  46  4:07  SCV  
  47  4:10  Supply Depot  
  47  4:12  Barracks Tech Lab  
  47  4:14  SCV  
  48  4:17  Starport Tech Lab  
  48  4:19  SCV  
  48  4:23  Hellion  
  53  4:24  Hellion  
  53  4:28  SCV  
  54  4:35  Cloaking Field  
  54  4:36  Supply Depot  
  54  4:38  Banshee  
  54  4:39  SCV  
  54  4:44  SCV  
  59  4:51  Hellion, SCV  
  62  4:59  Marine  
  64  5:00  Hellion, SCV  
  64  5:03  SCV  
  62  5:12  SCV  
  61  5:15  Supply Depot, Command Center  
  61  5:17  Marine  
  57  5:22  Hellion  
  57  5:23  Hellion  
  57  5:24  SCV  
  57  5:27  SCV  
  64  5:35  Marine  
  62  5:36  SCV  
  62  5:39  SCV  
  61  5:43  Supply Depot  
Tags
 
Add a new tag
Caveats
  • Supply blocks, unpowered buildings, or Contaminate may cause inaccurate times.
  • Supply counts are checked every 10 seconds.